 Dungeon Crawl Stone Soup version 0.31.0-9-g3a7656b989 (webtiles) character file.

Game seed: 10346145514270057343

1198 qw the Skirmisher (level 8, -2/45 HPs)
             Began as a Deep Elf Hunter on Feb 2, 2024.
             Slain by an ogre
             ... wielding a +0 giant spiked club
              (13 damage)
             ... on level 5 of the Dungeon.
             The game lasted 00:00:23 (4576 turns).

qw the Skirmisher (Deep Elf Hunter)                 Turns: 4576, Time: 00:00:23

Health: -2/45      AC: 11    Str: 12    XL:     8   Next: 20%
Magic:  10/10      EV: 19    Int: 15    God:
Gold:   340        SH:  0    Dex: 18    Spells: 7/7 levels left

rFire   . . .        a - +1 shortbow
rCold   . . .        (shield currently unavailable)
rNeg    . . .        p - +3 leather armour of Yvewk {rPois rC- Regen+}
rPois   +            o - +2 helmet of Slovenliness {Str+2}
rElec   .            g - +0 cloak
rCorr   .            (no gloves)
SInv    .            l - +0 pair of boots
Will    .....        (no amulet)
Stlth   ++           d - +5 ring of evasion
HPRegen 1.07/turn    h - ring of protection from cold
MPRegen 0.12/turn

%: no passive effects
@: about to teleport
A: no striking features
a: no special abilities


You were on level 5 of the Dungeon.
You visited 1 branch of the dungeon, and saw 5 of its levels.

You collected 340 gold pieces.


   Skills:
 + Level 2.7 Fighting
 - Level 12.0 Ranged Weapons
 - Level 1.5 Armour
 - Level 5.0 Dodging
 - Level 1.2 Stealth


You had 7 spell levels left.
You didn't know any spells.
Your spell library was empty.

Inventory:

Hand Weapons
 a - a +1 shortbow (weapon)
Armour
 g - a +0 cloak (worn)
 l - a +0 pair of boots (worn)
 o - the +2 helmet of Slovenliness (worn) {Str+2}
   (You found it on level 4 of the Dungeon)

   Str+2:     It affects your strength (+2).
 p - the +3 leather armour of Yvewk (worn) {rPois rC- Regen+}
   (You found it on level 4 of the Dungeon)

   rC-:       It makes you vulnerable to cold.
   rPois:     It protects you from poison Regen+: It increases your rate of
   health regeneration.
Jewellery
 d - a +5 ring of evasion (left hand)
 h - a ring of protection from cold (right hand)
 n - a ring of fire
Potions
 b - a potion of might
 i - a potion of enlightenment

Dungeon Overview and Level Annotations

Branches:
Dungeon (5/15)
 Temple: D:4-7

Altars:
Fedhas
Ru

Annotations:
D:5 Sigmund


Message History

You shoot an arrow. The arrow hits the hound.
The hound is almost dead.
The hound misses you.
The ogre hits you with a +0 giant spiked club!
You shoot an arrow. The arrow closely misses the hound.
The hound bites you but does no damage. The hound misses you.
Sigmund the Dreaded comes into view.
He is wielding a +0 scythe and carrying a wand of flame.
4566 ||| RETREEEEATING.
You shoot an arrow. The arrow hits the hound.
The hound is almost dead.
The hound barely misses you.
You shoot an arrow. The arrow hits the hound.
You kill the hound!
Your life force feels restored.
You shoot an arrow. The arrow hits the ogre.
The ogre is lightly wounded.
Sigmund hits you but does no damage. The ogre misses you.
You shoot an arrow.
The arrow hits the ogre but does no damage.
The ogre is lightly wounded.
Sigmund hits you but does no damage.
You shoot an arrow. The arrow hits the ogre.
The ogre is moderately wounded.
The ogre hits you with a +0 giant spiked club!
You shoot an arrow. The arrow barely misses the ogre.
Sigmund misses you.
You shoot an arrow. The arrow hits the ogre.
The ogre is heavily wounded.
The ogre barely misses you.
You shoot an arrow. The arrow barely misses the ogre.
Sigmund barely misses you.
You shoot an arrow. The arrow hits the ogre.
The ogre is heavily wounded.
The ogre hits you with a +0 giant spiked club!!
4576 ||| READING scroll of teleportation.
As you read the scroll of teleportation, it crumbles to dust.
You feel strangely unstable. Sigmund misses you.
The ogre hits you with a +0 giant spiked club!
You die...

.# .## . ####
.. # ..####...
#.# #.#
#........ ..#>.
#.......# ...
#.....###@#
#......@O.#
#..##.###.###
###..##.......#
#....##.....###
#....###.#
#.#### .# #.#
## #<# ###


You could see an ogre and Sigmund.

Vanquished Creatures
  An oklob plant (D:3)
  Grinder (D:3)
  A phantom (D:4)
  A kobold brigand (D:4)
  2 scorpions (D:4)
  A bombardier beetle (D:3)
  2 hounds
  An orc priest (D:3)
  An iguana (D:4)
  An orc wizard (D:4)
  2 adders
  4 gnolls (D:4)
  2 dart slugs
  2 ribbon worms (D:3)
  10 orcs
  4 endoplasms
  3 giant cockroaches
  7 goblins
  10 hobgoblins
  3 jackals (D:3)
  3 quokkas
  6 ball pythons
  5 bats
  2 frilled lizards
  28 kobolds
  4 rats
107 creatures vanquished.

Notes
Turn   | Place    | Note
-------+----------+-------------------------------------------
     0 | D:1      | qw the Deep Elf Hunter began the quest for the Orb.
     0 | D:1      | Reached XP level 1. HP: 12/12 MP: 3/3
     0 | D:1      | 0 ||| qw: Version: 0.3-a-155-g5e7d8dd
     0 | D:1      | 0 ||| qw: Game counter: 2181
     0 | D:1      | 0 ||| qw: Melee chars always use a shield: true
     0 | D:1      | 0 ||| qw: God list: Okawaru
     0 | D:1      | 0 ||| qw: Allow faded altars: false
     0 | D:1      | 0 ||| qw: Do Orc after clearing Dungeon:15 true
     0 | D:1      | 0 ||| qw: Do second Lair branch before Depths: true
     0 | D:1      | 0 ||| qw: Lair rune preference: random
     0 | D:1      | 0 ||| qw: Goals: Normal
     0 | D:1      | 0 ||| PLANNING D:1-11
   211 | D:1      | Reached XP level 2. HP: 16/16 MP: 4/4
   237 | D:1      | Reached skill level 6 in Ranged Weapons
  1009 | D:1      | 1009 ||| UPGRADING to +0 ring mail.
  1019 | D:1      | 1019 ||| DROPPING +0 leather armour.
  1020 | D:1      | 1020 ||| UPGRADING to +0 cloak.
  1025 | D:1      | 1025 ||| READING scroll labelled IGEFESUDEL.
  1026 | D:1      | 1026 ||| READING 2 scrolls labelled YDOREL OTAHULU.
  1026 | D:1      | 1026 ||| IDENTIFYING sedimented brown potion
  1027 | D:1      | 1027 ||| READING scroll of identify.
  1027 | D:1      | 1027 ||| IDENTIFYING scroll labelled IJOREUFOBAG
  1028 | D:1      | 1028 ||| DROPPING scroll of butterflies.
  1029 | D:1      | 1029 ||| DROPPING scroll of immolation.
  1030 | D:1      | 1030 ||| DROPPING potion of lignification.
  1148 | D:2      | Found a faded altar of an unknown god.
  1184 | D:2      | Reached XP level 3. HP: 20/20 MP: 5/5
  1260 | D:2      | 1260 ||| READING scroll labelled UZEACHO ESAW.
  1260 | D:2      | 1260 ||| ENCHANTING +0 shortbow.
  1302 | D:2      | 1302 ||| UPGRADING to +5 ring of evasion.
  1349 | D:2      | 1349 ||| UPGRADING to ring of protection from cold.
  1350 | D:2      | 1350 ||| READING 2 scrolls labelled JAMPYKHEANUM.
  1401 | D:2      | Reached skill level 7 in Ranged Weapons
  1925 | D:2      | 1925 ||| READING scroll of identify.
  1925 | D:2      | 1925 ||| IDENTIFYING lumpy silvery potion
  1926 | D:2      | 1926 ||| DRINKING 2 lumpy brown potions.
  1927 | D:2      | 1927 ||| DROPPING potion of invisibility.
  2052 | D:3      | Reached XP level 4. HP: 10/25 MP: 6/6
  2054 | D:3      | HP: 6/25 [ribbon worm (2)]
  2055 | D:3      | 2055 ||| READING scroll of teleportation.
  2057 | D:3      | Found a blossoming altar of Fedhas.
  2057 | D:3      | Noticed an oklob plant
  2113 | D:3      | Killed an oklob plant
  2114 | D:3      | Reached skill level 10 in Ranged Weapons
  2114 | D:3      | Reached XP level 5. HP: 27/29 MP: 7/7
  2114 | D:3      | Reached XP level 6. HP: 31/34 MP: 8/8
  2223 | D:3      | Reached XP level 7. HP: 32/40 MP: 9/9
  2285 | D:3      | Found a sacrificial altar of Ru.
  2486 | D:3      | Noticed Grinder
  2501 | D:3      | Paralysed by Grinder for 4 turns
  2515 | D:3      | Killed Grinder
  2973 | D:3      | 2973 ||| UPGRADING to +0 helmet.
  2978 | D:3      | 2978 ||| UPGRADING to +0 pair of boots.
  2983 | D:3      | 2983 ||| READING 2 scrolls of identify.
  2983 | D:3      | 2983 ||| IDENTIFYING puce potion
  2984 | D:3      | 2984 ||| READING scroll of identify.
  2984 | D:3      | 2984 ||| IDENTIFYING black potion
  2985 | D:3      | 2985 ||| READING 2 scrolls labelled DOIHICL NAOTIW.
  2986 | D:3      | 2986 ||| DROPPING scroll of poison.
  3205 | D:4      | Reached skill level 1 in Armour
  3276 | D:4      | Identified the +2 helmet of Slovenliness {Str+2}
  3318 | D:4      | Reached skill level 11 in Ranged Weapons
  3365 | D:4      | Identified the +3 leather armour of Yvewk {rPois rC-
                  | Regen+}
  3596 | D:4      | HP: 9/40 [poisoned by a scorpion]
  3597 | D:4      | 3597 ||| READING 2 scrolls of teleportation.
  3598 | D:4      | 3598 ||| DRINKING potion of heal wounds.
  3880 | D:4      | Reached XP level 8. HP: 36/44 MP: 10/10
  3965 | D:4      | Reached skill level 12 in Ranged Weapons
  4498 | D:4      | 4498 ||| UPGRADING to +2 helmet of Slovenliness {Str+2}.
  4508 | D:4      | 4508 ||| DROPPING +0 helmet.
  4509 | D:4      | 4509 ||| UPGRADING to +3 leather armour of Yvewk {rPois rC-
                  | Regen+}.
  4519 | D:4      | 4519 ||| DROPPING +0 ring mail.
  4520 | D:4      | 4520 ||| READING scroll labelled TEONUP WOSICS.
  4521 | D:4      | 4521 ||| READING scroll labelled AZOUMA YHIEDUUTU.
  4522 | D:4      | 4522 ||| READING scroll labelled KAOXET BEHEXA.
  4546 | D:5      | Entered Level 5 of the Dungeon
  4565 | D:5      | Noticed Sigmund
  4566 | D:5      | 4566 ||| RETREEEEATING.
  4575 | D:5      | HP: 9/45 [ogre/+0 giant spiked club (22)]
  4576 | D:5      | 4576 ||| READING scroll of teleportation.
  4576 | D:5      | Slain by an ogre

Levels and vault maps discovered:
D:1:      nagdon_arrival_double_spiral, layout_basic, grunt_decor_resistance,
          minmay_hexomino_r4
D:2:      layout_loops_ring, shapermc_ecumenical_altar_notcrosses, minmay_puff
D:3:      cheibrodos_pilgrimage, layout_loops_ring,
          mainiacjoe_overflow_concentric_impassable, tgw_fedhas,
          minmay_fractal_squares_diagonal_5, uniq_grinder
D:4:      kennysheep_kobold_camp, layout_basic
D:5:      layout_basic, minmay_temple_entry_stoned_glass, uniq_menkaure,
          uniq_sigmund

Skill      XL: |  1  2  3  4  5  6  7  8 |
---------------+-------------------------+-----
Ranged Weapons | 6 7 10 11 12 | 12.0
Fighting       | 2 |  2.7
Dodging        | 5 |  5.0
Armour         | 1 |  1.5
Stealth        | |  1.2

Action                     |  1- 3 |  4- 6 |  7- 9 || total
---------------------------+-------+-------+-------++-------
   Fire: Shortbow          |   113 |    69 |   237 ||   419
    Use: Scroll            |     6 |     1 |     8 ||    15
         Potion            |     1 |       |     1 ||     2
 Armour: Leather armour    |     5 |       |     8 ||    13
         Ring mail         |    13 |     3 |    57 ||    73
  Dodge: Dodged            |    23 |     4 |   132 ||   159

Table legend:
 A = Non-vault XP
 B = Vault XP
 C = Vault XP percentage of total XP
 D = Non-vault monster count
 E = Vault monster count
 F = Vault count percentage of total count
                 A         B        C        D         E       F
            +---------+---------+-------+---------+---------+-------
      Total |     608 |    1104 |  64.5 |      69 |      38 |  35.5
            +---------+---------+-------+---------+---------+-------
        D:1 |      34 |       6 |  15.0 |      19 |       3 |  13.6
        D:2 |      28 |      16 |  36.4 |      16 |       2 |  11.1
        D:3 |      31 |     959 |  96.9 |      10 |      12 |  54.5
        D:4 |     472 |     123 |  20.7 |      23 |      21 |  47.7
        D:5 |      43 |       0 |   0.0 |       1 |       0 |   0.0
            +---------+---------+-------+---------+---------+-------
